 Dungeon Crawl Stone Soup version 0.30-a0-913-g9934a0ce24 (webtiles) character file.

Game seed: 2126142290823414808

100 ragingrage the Slasher (level 4, -6/25 HPs)
             Began as a Deep Elf Warper on Mar 19, 2023.
             Was a Follower of Fedhas.
             Mangled by a mummy (18 damage)
             ... on level 4 of the Dungeon.
             The game lasted 00:03:34 (2380 turns).

ragingrage the Slasher (Deep Elf Warper)            Turns: 2380, Time: 00:03:35

Health: -6/25      AC:  3    Str:  8    XL:     4   Next: 46%
Magic:  10/10      EV: 12    Int: 18    God:    Fedhas [*.....]
Gold:   104        SH:  0    Dex: 16    Spells: 2/9 levels left

rFire   + . .      SeeInvis .    a - +0 falchion
rCold   . . .      Faith    .    (no shield)
rNeg    . . .      Spirit   .    s - +0 leather armour
rPois   .          Reflect  .    (no helmet)
rElec   .          Rampage  .    (no cloak)
rCorr   .                        (no gloves)
Will    .....                    (no boots)
Stlth   +                        (no amulet)
HPRegen 0.24/turn                f - ring of flight
MPRegen 0.12/turn                r - ring of protection from fire

@: flying
A: no striking features
a: Renounce Religion


You were on level 4 of the Dungeon.
You worshipped Fedhas.
Fedhas was aware of your devotion.
You visited 1 branch of the dungeon, and saw 4 of its levels.

You collected 104 gold pieces.

Inventory:

Hand Weapons
 a - a +0 falchion (weapon)
 b - a +2 whip of venom
 j - a +0 rapier
Missiles
 d - 5 boomerangs of dispersal (quivered)
Armour
 s - a +0 leather armour (worn)
Jewellery
 f - a ring of flight (left hand)
 r - a ring of protection from fire (right hand)
Scrolls
 c - 2 scrolls of blinking
 e - a scroll of poison {unknown}
 g - a scroll of teleportation {unknown}
 h - 4 scrolls of identify {unknown}
 k - 3 scrolls of amnesia {unknown}
 n - a scroll of enchant weapon {unknown}
Potions
 i - 4 potions of brilliance {unknown}
 l - a potion of haste {unknown}
 m - 3 potions of flight {unknown}
 o - a potion of ambrosia {unknown}
 p - a potion of attraction {unknown}
 q - a potion of curing {unknown}


   Skills:
 - Level 1.5 Fighting
 + Level 4.3 Long Blades
 - Level 1.0 Throwing
 - Level 0.7 Armour
 - Level 2.4 Dodging
 - Level 3.0 Spellcasting
 - Level 3.2 Translocations


You had 2 spell levels left.
You knew the following spells:

 Your Spells              Type           Power      Damage    Failure   Level
a - Blink                 Tloc           28%        N/A       9%          2
b - Lesser Beckoning      Tloc           28%        N/A       9%          2
c - Vhi's Electric Charg  Tloc/Air       16%        N/A       34%         3

Your spell library contained the following spells:

 Spells                   Type           Power      Damage    Failure   Level
 Teleport Other           Tloc           14%        N/A       19%         3
 Manifold Assault         Tloc           14%        N/A       52%         4
 Olgreb's Toxic Radiance  Pois           2%         N/A       92%         4
 Ozocubu's Refrigeration  Ice            1%         4d7       100%        7
 Ignition                 Fire           1%         3d3       100%        8


Dungeon Overview and Level Annotations

Branches:
Dungeon (4/15)             Temple (0/1) D:4

Altars:
Fedhas

Shops:
D:3 !

Portals:
Ossuary: D:4

Annotations:
D:3 3 runed translucent doors, diodin's ghost, amateur MfGl; quinnr's ghost, amateur NaAE; relicbr's ghost, amateur SpDe


Message History

Found a staircase to the Ecumenical Temple.
Your +2 whip of venom begins to drip with poison!
b - a +2 whip of venom (weapon)
You hear the brisk hiss of an avalanche of sand very nearby.
Your +2 whip of venom stops dripping with poison.
a - a +0 falchion (weapon)
You reach down and open the door.
A goblin zombie comes into view.
You hit the goblin zombie. The goblin zombie closely misses you.
You hit the goblin zombie.
You destroy the goblin zombie!
Fedhas accepts your kill.
There is an open door here.
There is an open door here.
You reach down and open the door.
A goblin zombie comes into view.
You barely miss the goblin zombie. The goblin zombie barely misses you.
You slash the goblin zombie! The goblin zombie closely misses you.
You hit the goblin zombie.
You destroy the goblin zombie!
Fedhas accepts your kill.
There is an open door here.
You reach down and open the door.
A mummy comes into view.
Found a sand-covered staircase.
You hit the mummy. The mummy closely misses you.
You hit the mummy. You slash the mummy! The mummy hits you!
Ouch! That really hurt!
Unknown command.
Unknown command.
Throw: 6 boomerangs (disperse)
Aim: a mummy (severely damaged, 74% to hit)
You throw a boomerang of dispersal.
The boomerang of dispersal hits the mummy and shatters for extra damage.
The mummy blinks!
You barely miss the mummy. The mummy hits you!!
Ouch! That really hurt!
You die...
Fedhas appreciates your contribution to the ecosystem.

# .# ###.# #... ####.#
###
########....######.....
.#..............@M....!#
.....###'###.###'###..##
##.#..##.##...##∩##.. #
##..###.....###..#
.###..#.......#...# . .#
##..###'###.[..# ##. .
.# #...##.##....# #..##.
.# #.#..###...... ..#..#
##.## #.##..#..# ##
#.#...


You could see a mummy.

Vanquished Creatures
  An adder (D:2)
  A worm (D:2)
  6 dart slugs
  8 orcs
  9 ball pythons
  10 endoplasms
  5 goblins
  4 hobgoblins
  7 kobolds
  A quokka (D:2)
  3 bats
  3 frilled lizards
  2 goblin zombies (D:4)
  6 rats
66 creatures vanquished.

Vanquished Creatures (others)
  4 plants (D:3)
  2 withered plants (D:3)
6 creatures vanquished.

Grand Total: 72 creatures vanquished

Notes
Turn   | Place    | Note
-------+----------+-------------------------------------------
     0 | D:1      | ragingrage the Deep Elf Warper began the quest for the Orb.
     0 | D:1      | Reached XP level 1. HP: 12/12 MP: 6/6
    58 | D:1      | Reached skill level 2 in Long Blades
   204 | D:1      | Reached XP level 2. HP: 16/16 MP: 8/8
   502 | D:1      | Reached skill level 3 in Long Blades
   605 | D:1      | Reached XP level 3. HP: 10/20 MP: 9/9
   796 | D:2      | Found a blossoming altar of Fedhas.
  1048 | D:2      | Became a worshipper of Fedhas Madash
  1337 | D:2      | Reached XP level 4. HP: 25/25 MP: 10/10
  1520 | D:2      | Reached skill level 4 in Long Blades
  1731 | D:3      | Found Gefar Gio's Distillery.
  1795 | D:3      | Found a runed translucent gate.
  1796 | D:3      | Found a runed translucent gate.
  1796 | D:3      | Found a runed translucent gate.
  1824 | D:3      | Learned a level 2 spell: Blink
  1827 | D:3      | Learned a level 2 spell: Lesser Beckoning
  1831 | D:3      | Learned a level 3 spell: Vhi's Electric Charge
  2077 | D:3      | Noticed relicbr's ghost (amateur SpDe)
  2077 | D:3      | Noticed diodin's ghost (amateur MfGl)
  2077 | D:3      | Noticed quinnr's ghost (amateur NaAE)
  2283 | D:4      | Reached * piety under Fedhas
  2305 | D:4      | Found a staircase to the Ecumenical Temple.
  2368 | D:4      | Found a sand-covered staircase.
  2380 | D:4      | Mangled by a mummy

Illustrated notes

Levels and vault maps discovered:
D:1:      dpeg_arrival_pits, layout_loops_ring
D:2:      layout_loops_ring, basic_altar, serial_park_tiny_2,
          supply_closet_lemuel
D:3:      layout_loops_ring, nicolae_overflow_hidden_temple,
          gammafunk_ghost_cemetery, serial_shops, shop, shop_statue,
          serial_bayou_pond_a
D:4:      layout_rooms, minmay_temple_entry_mini_moons,
          nicolae_ossuary_entry_giza, st_stairs_1, chequers_serial_rivers_marsh

Skill      XL: |  1  2  3  4 |
---------------+-------------+-----
Long Blades    | 2 3 4 |  4.3
Fighting       | |  1.5
Throwing       | |  1.0
Armour         | |  0.7
Dodging        | |  2.4
Spellcasting   | |  3.0
Translocations | |  3.2

Action                     |  1- 3 |  4- 6 || total
---------------------------+-------+-------++-------
  Melee: Falchion          |   117 |    78 ||   195
         Punch             |       |     1 ||     1
  Throw: Boomerang         |       |     4 ||     4
   Stab: Sleeping          |     2 |       ||     2
 Armour: Leather armour    |    33 |    16 ||    49
  Dodge: Dodged            |    63 |    50 ||   113

Table legend: (Time is in decaauts)
 A = Elapsed time spent in this place.
 B = Non-inter-level travel time spent in this place.
 C = Inter-level travel time spent in this place.
 D = Time resting spent in this place.
 E = Time spent auto-exploring this place.
 F = Levels seen in this place.
 G = Mean time per level.
                   A        B        C        D        E       F      G
               +--------+--------+--------+--------+--------+-----+--------+
         Total |   2408 |   2294 |    114 |    205 |   1300 |   4 |  602.0 |
       Dungeon |   2408 |   2294 |    114 |    205 |   1300 |   4 |  602.0 |
               +--------+--------+--------+--------+--------+-----+--------+

Top non-repeatable levels by time:
     D:2: 912 daAuts
     D:1: 800 daAuts
     D:3: 475 daAuts
     D:4: 220 daAuts
